Map: Pillars of Gold LE

Players

ByuN - Winner!

  • Race: Terran Terran
  • League: Diamond
  • Spawn Location: 7:00

Rogue

  • Race: Zerg Zerg
  • Spawn Location: 1:00

Event: TSL 6

VOD

Have the link to the VOD?

Description

Time

  • Played on: Dec. 13, 2020, 2:21 p.m.
  • Length: 6:04

All games in this series

Show
View Real Time Build Order
Export as new Build Order

ByuN Terran - Winner!

Build Orders: Hellion Banshee 

Get SALT Encoding   

  12  0:00  SCV  
  13  0:12  SCV  
  14  0:17  Supply Depot  
  14  0:24  SCV  
  15  0:39  SCV  
  15  0:40  Barracks  
  16  0:45  Refinery  
  16  0:51  SCV  
  17  1:03  SCV  
  18  1:15  SCV  
  19  1:27  Orbital Command, Marine  
  20  1:41  Command Center  
  20  1:53  Factory  
  20  1:57  SCV  
  21  2:05  Barracks Reactor, Refinery  
  21  2:10  SCV  
  22  2:16  Supply Depot  
  22  2:22  SCV  
  23  2:37  Starport, SCV  
  23  2:38  Hellion  
  23  2:42  Marine  
  23  2:43  Marine  
  28  2:51  SCV  
  28  2:56  Orbital Command  
  29  3:01  Hellion  
  29  3:05  SCV  
  32  3:06  Marine  
  32  3:08  Marine  
  34  3:13  Medivac  
  34  3:17  SCV  
  37  3:21  SCV  
  37  3:24  Hellion  
  37  3:26  Marine  
  41  3:27  Marine  
  41  3:32  Supply Depot  
  42  3:35  SCV  
  42  3:36  SCV  
  44  3:43  Starport Tech Lab  
  44  3:44  Supply Depot  
  45  3:48  SCV  
  45  3:51  SCV  
  46  4:00  SCV  
  47  4:03  SCV  
  47  4:04  Banshee, Cloaking Field  
  47  4:07  Supply Depot  
  51  4:12  Hellion  
  51  4:13  SCV  
  51  4:15  SCV  
  51  4:16  Hellion  
  57  4:25  SCV  
  57  4:27  SCV, Armory  
  59  4:34  Hellion  
  59  4:37  Hellion  
  63  4:38  SCV  
  63  4:40  SCV  
  63  4:44  Supply Depot  
  65  4:49  Banshee  
  65  4:50  SCV  
  70  4:52  SCV  
  70  4:58  Barracks Tech Lab  
  72  5:07  Supply Depot, Factory Reactor  
  72  5:08  SCV x2  
  72  5:12  Command Center  
  72  5:20  SCV x2  
  72  5:21  Marine  
  75  5:22  Barracks  
  74  5:30  Barracks  
  74  5:32  SCV x2  
  72  5:38  Marine  
  72  5:39  Starport Reactor  
  71  5:44  SCV x2  
  73  5:54  Engineering Bay, Refinery x2  
  73  5:57  Engineering Bay  
Show
View Real Time Build Order
Export as new Build Order

Rogue Zerg 

Build Orders: Hatch First 

Get SALT Encoding   

  12  0:00  Drone  
  13  0:13  Overlord  
  13  0:17  Drone  
  14  0:31  Drone x2  
  16  0:50  Hatchery  
  16  0:52  Drone  
  16  0:56  Drone  
  17  1:00  Drone  
  18  1:10  Extractor  
  17  1:15  Spawning Pool  
  16  1:19  Drone  
  16  1:22  Drone  
  18  1:29  Drone  
  19  1:40  Drone  
  20  1:50  Drone  
  21  2:01  Queen x2  
  21  2:02  Zergling x4  
  27  2:12  Overlord  
  27  2:13  Drone  
  27  2:14  Metabolic Boost  
  28  2:32  Hatchery  
  28  2:34  Drone  
  29  2:37  Drone  
  29  2:40  Drone  
  30  2:45  Drone x2  
  32  2:52  Queen  
  34  3:00  Overlord  
  34  3:03  Drone x2  
  36  3:18  Drone  
  36  3:19  Overlord, Drone x4  
  41  3:21  Drone  
  42  3:28  Queen  
  44  3:37  Evolution Chamber  
  44  3:39  Zergling x8  
  44  3:40  Zergling x2  
  48  3:42  Zergling x4  
  48  3:44  Zergling x2  
  48  3:45  Zergling x2  
  52  3:51  Zergling x2  
  52  3:52  Zergling x2  
  55  3:55  Zergling x2  
  55  4:02  Overlord  
  55  4:04  Spore Crawler  
  55  4:07  Drone x4  
  58  4:14  Overlord  
  58  4:16  Overlord  
  58  4:19  Overlord  
  58  4:21  Overlord  
  57  4:28  Overlord  
  57  4:33  Drone x3  
  57  4:34  Drone x4  
  57  4:37  Drone  
  65  4:44  Queen  
  67  4:52  Drone x5  
  72  4:59  Queen  
  74  5:02  Drone x3  
  74  5:05  Extractor  
  76  5:10  Spine Crawler  
  76  5:11  Zergling x6  
  76  5:13  Zergling x6  
  76  5:14  Zergling x2  
  82  5:17  Zergling x6  
  82  5:19  Overlord  
  85  5:22  Overlord  
  85  5:27  Queen  
  80  5:30  Spore Crawler  
  80  5:31  Zergling x2, Spore Crawler  
  80  5:34  Zergling x6  
  71  5:35  Zergling x2  
  71  5:36  Zergling x2  
  71  5:39  Zergling x2  
  66  5:44  Zergling x4  
  66  5:59  Spore Crawler  
Tags
 
Composition
Hellion Banshee
Event
TSL 6
League
Diamond
Matchup
TvZ
Player
ByuNRogue
Spawn Locations
Cross Positions
Add a new tag
Caveats
  • Supply blocks, unpowered buildings, or Contaminate may cause inaccurate times.
  • Supply counts are checked every 10 seconds.